AoeStats
← il caldo fa schifo

African Clearing

510342965Analyzed
4v4 RM · 1d ago on Sep 30, 2026· 23m 49s· 8 players
Game mode
Random Map
Map size
Large (8 player)
Population
200
Speed
Normal
Resources
Standard
Victory
Conquest
Starting age
Dark Age
Ending age
Imperial Age
RankedLock teamsTeams togetherTeam positionsShared explorationLock speedFull tech treeHidden civsTurbo modeCheats
Victory
Defeat
🇹🇼 Varangians · Taiwan
1230
+16
🇨🇳 Sicilians · China
1214
+16
1212
+16
🇨🇭 Persians · Switzerland
1212
+16
🇺🇸 Saxons · United States
1240
-16
🇪🇨 Lithuanians · Ecuador
1238
-17
🇨🇱 Vietnamese · Chile
1226
-16
🇪🇸 Franks · Spain
1190
-15
电脑人-偷家鸡鸡短三寸-
4:01 Loom
13:44 Feudal Age
18:18 Castle Age
16:23 Double-Bit Axe
GYLi
12:03 Feudal Age
10:34 Loom
13:14 Double-Bit Axe
21:31 Castle Age
20:24 Scale Barding Armor
20:36 Bloodlines
21:40 Forging
il caldo fa schifo
5:46 Loom
17:48 Feudal Age
18:46 Town Watch
18:50 Town Watch
25:10 Castle Age
23:06 Double-Bit Axe
592848337
9:13 Loom
12:54 Feudal Age
16:29 Town Watch
20:33 Castle Age
Kryptonknight
13:38 Feudal Age
14:35 Double-Bit Axe
17:26 Castle Age
17:23 Fletching
18:25 Bow Saw
19:29 Bodkin Arrow
22:12 Horse Collar
MexKajica
12:31 Loom
16:09 Feudal Age
20:45 Castle Age
19:37 Forging
19:17 Double-Bit Axe
19:18 Horse Collar
21:15 Wheelbarrow
21:26 Fletching
22:14 Bodkin Arrow
Nicolass
13:17 Feudal Age
11:51 Loom
18:19 Castle Age
17:27 Double-Bit Axe
19:50 Fletching
[TKILLA] Elmiko
17:31 Feudal Age
15:55 Loom
19:04 Double-Bit Axe
Connection lost

Rejoining the realm…

Still unreachable

The connection could not be restored.

Session expired

The server has moved on; the page needs a fresh start.